 Dungeon Crawl Stone Soup version 0.27-a0-263-gc8dee61f84 (webtiles) character file.

Game seed: 12665666606687449638

1014 gimp the Digger (level 8, -2/48 HPs)
             Began as an Octopode Earth Elementalist on Feb 4, 2021.
             Was an Initiate of Gozag.
             Slain by an orc warrior
             ... wielding a +3 scimitar
              (18 damage)
             ... on level 5 of the Dungeon.
             The game lasted 00:14:43 (5874 turns).

gimp the Digger (Octopode Earth Elementalist)       Turns: 5874, Time: 00:14:43

Health: -2/48      AC:  6    Str: 14    XL:     8   Next: 21%
Magic:  2/13       EV: 17    Int: 22    God:    Gozag
Gold:   807        SH:  5    Dex: 12    Spells: 6/14 levels left

rFire    . . .     SeeInvis .   a - +3 dagger (venom)
rCold    . . .     Faith    .   i - +0 buckler
rNeg     . . .     Spirit   .   m - +1 hat
rPois    .         Reflect  .   (no amulet)
rElec    .         Harm     .   c - +4 ring of protection
rCorr    .         Rampage  .   j - ring of stealth
Will     +....                  d - +4 ring of slaying
Stlth    ++++......             n - +4 ring of evasion
HPRegen  0.16/turn              s - +6 ring of strength
MPRegen  0.13/turn              A - ring of Rideig {Will+ Int+3 Slay+3}
                                (no ring)
                                (no ring)

@: no status effects
A: almost no armour, stealthy swim, amphibious, 8 rings, constrict 8, camouflage
1, gelatinous body 1
a: Renounce Religion, Potion Petition, Call Merchant, Bribe Branch


You were on level 5 of the Dungeon.
You worshipped Gozag.
Gozag was pleased with you.
You visited 1 branch of the dungeon, and saw 5 of its levels.
You also visited: Ossuary.

You collected 849 gold pieces.
You paid 42 gold pieces to Gozag.

Inventory:

Hand Weapons
 a - a +3 dagger of venom (weapon)
Missiles
 f - a stone
 g - 17 poisoned darts
Armour
 i - a +0 buckler (worn)
 m - a +1 hat (worn)
Magical Staves
 b - an uncursed staff of cold
Jewellery
 c - a +4 ring of protection (left tentacle)
 d - a +4 ring of slaying (on tentacle)
 j - a ring of stealth (right tentacle)
 n - a +4 ring of evasion (on tentacle)
 s - a +6 ring of strength (on tentacle)
 A - the ring of Rideig (on tentacle) {Will+ Int+3 Slay+3}
   (You found it on level 4 of the Dungeon)

   [ring of willpower]

   It affects your intelligence (+3).
   It affects your accuracy and damage with ranged weapons and melee attacks
   (+3).
   It affects your willpower, your defense against some magical effects.
Wands
 w - a wand of polymorph (7)
Scrolls
 e - 2 scrolls of noise {unknown}
 k - 7 scrolls of remove curse
 q - a scroll of enchant armour {unknown}
 t - 3 scrolls of teleportation {unknown}
 u - a scroll of magic mapping {unknown}
 x - 2 scrolls of amnesia {unknown}
 y - a scroll of vulnerability {unknown}
 B - a scroll of fog {unknown}
Potions
 h - 2 potions of haste
 l - a potion of berserk rage
 o - 3 potions of curing
 p - a potion of flight
 r - 4 potions of invisibility
 v - 2 potions of heal wounds {unknown}
 z - 2 potions of mutation {unknown}


   Skills:
 - Level 1.0 Fighting
 - Level 2.0 Dodging
 - Level 2.6 Stealth
 - Level 4.0 Shields
 + Level 3.6 Spellcasting
 * Level 4.7 Conjurations
 - Level 1.0 Transmutations
 * Level 6.2 Earth Magic


You had 6 spell levels left.
You knew the following spells:

 Your Spells              Type           Power        Failure   Level
a - Stone Arrow           Conj/Erth      56%          3%          3
b - Sandblast             Erth           62%          1%          1
c - Petrify               Tmut/Erth      19%          26%         4

Your spell library contained the following spells:

 Spells                   Type           Power        Failure   Level
 Passwall                 Tmut/Erth      15%          4%          2
 Lee's Rapid Deconstruct  Erth           15%          26%         5


Dungeon Overview and Level Annotations

Branches:
Dungeon (5/15)             Temple (0/1) D:5         Ossuary (visited)

Altars:
Ashenzari
Cheibriados
Gozag
Okawaru
Qazlal
Ru
Sif Muna
Vehumet
Xom

Annotations:
D:4 Pikel


Innate Abilities, Weirdness & Mutations

You cannot wear most types of armour.
You are very stealthy in the water. (Stealth+)
You are amphibious.
You can wear up to eight rings at the same time.
You can use your tentacles to constrict eight enemies at once.
Your skin changes colour to match your surroundings (Stealth+).
Your rubbery body absorbs attacks. (AC +1, EV +1)


Message History

You resist with some effort.
You now have 7/13 mp.
Casting: Stone Arrow (dangerous; 3% risk of failure)
Confirm with . or Enter, or press ? or * to list all spells.
Aiming: Stone Arrow (dangerous; 3% risk of failure)
Press: ? - help, Shift-Dir - straight line, f/p - orc warrior
Aim: an orc warrior, wielding a +3 scimitar and wearing a cursed +0 chain mail (moderately wounded, 32% to evade)
The stone arrow hits the orc warrior!
The orc warrior is almost dead.
The orc warrior hits you with a +3 scimitar!
You take 11 damage, and have 16/48 hp.
MASSIVE DAMAGE!!
You now have 5/13 mp.
Casting: Stone Arrow (dangerous; 3% risk of failure)
Confirm with . or Enter, or press ? or * to list all spells.
Aiming: Stone Arrow (dangerous; 3% risk of failure)
Press: ? - help, Shift-Dir - straight line, f/p - orc warrior
Aim: an orc warrior, wielding a +3 scimitar and wearing a cursed +0 chain mail (almost dead, 32% to evade)
The stone arrow misses the orc warrior.
The orc warrior hits you with a +3 scimitar!!
You die...
Your body crumbles into a pile of gold.

.......##......... #8.
.......?#......... #..
........#....o.... ...#..
........#(........ #...#..
...........$...... #...#8.
.......#.......... #...###
......$#..###+#### #....#.
..........o....# #....#.
...........@...# ####....#.
...............# #.......##
...............# #.#.......
...............####.#.......
....................########
.......(....#.......#
.................##.#
..............#####.#
..............# #.#


You could see an orc warrior.

Vanquished Creatures
  Duvessa (D:4)
  4 lemures (D:4)
  A phantom (D:5)
  An elf zombie (D:4)
  2 elf skeletons (D:4)
  A jelly (D:4)
  Dowan (D:4)
  A centaur skeleton (D:5)
  A hound (D:4)
  2 human skeletons (D:4)
  2 worker ants
  2 orc wizards (D:4)
  7 big kobold zombies (Ossuary)
  A hound skeleton (D:4)
  A mummy (Ossuary)
  5 adders
  A shadow imp (D:4)
  2 white imps (D:5)
  An ufetubus (D:4)
  An ooze (D:4)
  2 dart slugs
  2 leopard geckos
  7 orcs
  4 spectral bats (Ossuary)
  7 bats
  7 hobgoblins
  7 jackals
  8 kobolds
  3 quokkas (D:3)
  3 bat simulacra (Ossuary)
  8 frilled lizards
  5 gnoll zombies (Ossuary)
  9 goblins
  3 goblin simulacra (Ossuary)
  7 goblin zombies (Ossuary)
  4 hobgoblin zombies (Ossuary)
  2 kobold simulacra (Ossuary)
  4 kobold zombies (Ossuary)
  4 orc zombies
  5 rats
  A rat simulacrum (Ossuary)
  4 spectral goblins (Ossuary)
  2 spectral kobolds (Ossuary)
  4 spectral rats (Ossuary)
150 creatures vanquished.

Notes
Turn   | Place    | Note
-------+----------+-------------------------------------------
     0 | D:1      | gimp the Octopode Earth Elementalist began the quest for
                  | the Orb.
     0 | D:1      | Reached XP level 1. HP: 11/11 MP: 3/3
   422 | D:1      | Reached XP level 2. HP: 18/18 MP: 1/5
   876 | D:1      | Reached skill level 1 in Fighting
  1111 | D:1      | Reached XP level 3. HP: 23/23 MP: 1/6
  1121 | D:1      | Learned a level 3 spell: Stone Arrow
  1367 | D:2      | Found a snail-covered altar of Cheibriados.
  1461 | D:2      | Found a radiant altar of Vehumet.
  1464 | D:2      | Found a stormy altar of Qazlal.
  1481 | D:2      | Reached skill level 1 in Shields
  1871 | D:3      | Found a shimmering blue altar of Sif Muna.
  1985 | D:3      | Found an opulent altar of Gozag.
  1986 | D:3      | Found a broken altar of Ashenzari.
  1997 | D:3      | Became a worshipper of Gozag Ym Sagoz the Greedy
  2015 | D:3      | Reached skill level 1 in Conjurations
  2015 | D:3      | Reached XP level 4. HP: 28/28 MP: 2/7
  2280 | D:3      | Found a sacrificial altar of Ru.
  2285 | D:3      | Reached skill level 4 in Earth Magic
  2751 | D:4      | Noticed Dowan
  2859 | D:4      | Reached XP level 5. HP: 33/33 MP: 5/8
  3174 | D:4      | Reached XP level 6. HP: 33/38 MP: 7/9
  3206 | D:4      | Found a sand-covered staircase.
  3251 | Ossuary  | Entered an ossuary
  3440 | Ossuary  | Reached skill level 5 in Earth Magic
  3552 | Ossuary  | Reached XP level 7. HP: 43/43 MP: 2/11
  4478 | D:4      | Noticed Pikel
  4712 | D:4      | Found an iron altar of Okawaru.
  4918 | D:4      | Learned a level 4 spell: Petrify
  4919 | D:4      | Noticed Duvessa
  4925 | D:4      | Killed Dowan
  4926 | D:4      | Killed Duvessa
  4946 | D:4      | Got a bound steel ring
  4947 | D:4      | Identified the ring of Rideig {Will+ Int+3 Slay+3} (You
                  | found it on level 4 of the Dungeon)
  5152 | D:4      | Found a shimmering altar of Xom.
  5281 | D:4      | Reached XP level 8. HP: 48/48 MP: 4/13
  5449 | D:5      | Entered Level 5 of the Dungeon
  5579 | D:5      | Found a staircase to the Ecumenical Temple.
  5588 | D:5      | Reached skill level 6 in Earth Magic
  5874 | D:5      | Slain by an orc warrior

Illustrated notes

Levels and vault maps discovered:
D:1:      dpeg_arrival_stone_temple_mockup, layout_basic, minmay_hexomino_u4
D:2:      layout_rooms, nicolae_overflow_hidden_temple
D:3:      layout_loops_cross, lemuel_round_altar, lemuel_blue_sif_altar,
          chequers_temple_overflow_statue_of_worship
D:4:      layout_gridville, lemuel_coloured_pillars_altar,
          nicolae_ossuary_entry_catacombs, amcnicky_mini_rare_corridor_liquid,
          xom_teletrap_fun, uniq_pikel, uniq_duvessa
D:5:      layout_basic, minmay_temple_entry_antechambers, serial_bayou_pond_e

Skill      XL: |  1  2  3  4  5  6  7  8 |
---------------+-------------------------+-----
Fighting       | 1 |  1.0
Shields        | 1 2 3 4 |  4.0
Conjurations   | 1 2 3 4 |  4.7
Earth Magic    | 4 5 6 |  6.2
Spellcasting   | 3 |  3.6
Dodging        | |  2.0
Stealth        | |  2.6
Transmutations | |  1.0

Action                   |  1- 3 |  4- 6 |  7- 9 || total
-------------------------+-------+-------+-------++-------
Melee: Dagger            |    15 |     9 |    27 ||    51
       Constrict         |     2 |     9 |     9 ||    20
       Tentacles         |     1 |     9 |     6 ||    16
       Staff             |       |    23 |     6 ||    29
 Cast: Sandblast         |    52 |    75 |    71 ||   198
       Stone Arrow       |       |       |    20 ||    20
  Use: Scroll            |       |     6 |     3 ||     9
 Stab: Sleeping          |       |     5 |     1 ||     6
Armor: Skin              |     5 |     8 |    12 ||    25
Dodge: Dodged            |    13 |    37 |    31 ||    81
Block: Buckler           |       |       |     8 ||     8

Table legend: (Time is in decaauts)
 A = Elapsed time spent in this place.
 B = Non-inter-level travel time spent in this place.
 C = Inter-level travel time spent in this place.
 D = Time resting spent in this place.
 E = Time spent auto-exploring this place.
 F = Levels seen in this place.
 G = Mean time per level.
                   A        B        C        D        E       F      G
               +--------+--------+--------+--------+--------+-----+--------+
         Total |   5874 |   5818 |     56 |    363 |   4200 |   6 |  979.0 |
       Dungeon |   4794 |   4738 |     56 |    308 |   3419 |   5 |  958.8 |
       Ossuary |   1079 |   1079 |      0 |     55 |    781 |   1 | 1079.0 |
               +--------+--------+--------+--------+--------+-----+--------+

Top non-repeatable levels by time:
     D:4: 1629 daAuts
     D:1: 1262 daAuts
 Ossuary: 1079 daAuts
     D:3: 898 daAuts
     D:2: 580 daAuts
     D:5: 424 daAuts
